 Dungeon Crawl Stone Soup version 0.18.1-8-gdd0e5ea (webtiles) character file.

267 Shtopit the Caller (level 6, 0/34 HPs)
             Began as a Tengu Summoner on May 31, 2016.
             Slain by a slave (5 damage)
             ... led by Pikel
             ... on level 3 of the Dungeon.
             The game lasted 00:19:53 (4976 turns).

Shtopit the Caller (Tengu Summoner)                 Turns: 4976, Time: 00:19:55

Health: 0/34       AC:  5    Str:  8    XL:     6   Next: 21%
Magic:  8/12       EV: 13    Int: 18    God:
Gold:   200        SH:  0    Dex: 14    Spells: 4 memorised, 3 levels left

rFire  . . .     SeeInvis .     e - +0 spear
rCold  . . .     Gourm    .     a - +0 robe
rNeg   . . .     Faith    .     (no shield)
rPois  .         Spirit   .     (helmet restricted)
rElec  .         Dismiss  .     h - +0 cloak
rCorr  .         Reflect  .     u - +1 pair of gloves
SustAt .         Harm     .     (boots unavailable)
MR     .....                    (no amulet)
Stlth  ++........               (no ring)
                                (no ring)

@: not resistant to hostile enchantments, unstealthy
A: beak, talons 3, able to fly 1
a: Fly


You were on level 3 of the Dungeon.
You were not hungry.

You visited 1 branch of the dungeon, and saw 4 of its levels.

You collected 200 gold pieces.

Inventory:

Hand Weapons
 e - a +0 spear (weapon)
 r - a +2 quarterstaff of chaos
 s - a +0 hunting sling
Missiles
 t - 122 stones (quivered)
Armour
 a - a +0 robe (worn)
 h - a +0 cloak (worn)
 m - a +0 leather armour
 u - a +1 pair of gloves (worn)
Jewellery
 w - an uncursed amulet of regeneration {unknown}
 y - an uncursed ring of fire {unknown}
Scrolls
 d - a scroll of remove curse
 i - a scroll of magic mapping {unknown}
 k - a scroll of random uselessness {unknown}
 l - a scroll of teleportation {unknown}
 o - a scroll of enchant armour {unknown}
 q - a scroll of identify {unknown}
 v - 3 scrolls of enchant weapon {unknown}
Potions
 j - 3 potions of degeneration {unknown}
 n - a potion of curing {unknown}
 z - a potion of ambrosia {unknown}
Books
 b - a book of Callings

   Spells                             Type                      Level
   a - Summon Small Mammal            Summoning                    1
   b - Call Imp                       Summoning                    2
   c - Call Canine Familiar           Summoning                    3
   d - Summon Guardian Golem          Hexes/Summoning              3
   e - Summon Lightning Spire         Summoning/Air                4
   f - Summon Ice Beast               Ice/Summoning                4
Comestibles
 c - 3 bread rations
 f - 4 fruits
 p - 2 meat rations
 x - 2 chunks of flesh


   Skills:
 + Level 1.0 Fighting
 + Level 1.0 Polearms
 + Level 2.4 Dodging
 + Level 2.7 Stealth
 + Level 3.8 Spellcasting
 + Level 6.7 Summonings


You had 3 spell levels left.
You knew the following spells:

 Your Spells              Type           Power        Failure   Level  Hunger
a - Summon Small Mammal   Summ           ####         1%          1    None
b - Call Imp              Summ           ####....     1%          2    ##.....
c - Summon Guardian Gole  Hex/Summ       ###.....     14%         3    ###....
d - Call Canine Familiar  Summ           ####....     2%          3    ###....


Dungeon Overview and Level Annotations

Branches:
Dungeon (4/15)
 Temple: D:4-7

Altars:
Makhleb
Ru

Annotations:
D:4 Pikel


Innate Abilities, Weirdness & Mutations

You have a beak for a mouth.
You have claws for feet.
You can fly.


Message History

The slave hits you but does no damage.
Read which item? (? for menu, Esc to quit)
As you read the scroll labeled MUT ESTUOREY, it crumbles to dust.
You feel blessed for a moment.
It was a scroll of remove curse.
Your iron imp misses the slave.
The slave misses you.
Your white imp gestures at the slave.
The puff of frost hits the slave.
The slave appears unharmed.
The slave barely misses you. The slave closely misses you.
Read which item? (? for menu, Esc to quit)
As you read the scroll labeled QOFEGI USADUSA, it crumbles to dust.
It is a scroll of amnesia.
Forget which spell ([?*] list [ESC] exit)?
Forget which spell ([?*] list [ESC] exit)?
Okay, then.
Your iron imp closely misses the slave.
The slave hits you but does no damage.
Your white imp gestures at the slave.
The puff of frost hits the slave.
The slave hits you.
* * * LOW HITPOINT WARNING * * *
The slave hits you.
You die...

#.# #.#.# #...#....[ #.# #.#.#
#...#..... #÷# #.#.# ##########
#.# #.#.# #.# #.#.# #)#####
#######.#)#
#.#...####.#....5..#########
#..###.#<..#.###p##........#####
#..#.#..##.#.# #@p5............#
#.#.⌠.#.##.#.#
#p##........###.##
#..#.#..##.#.# #.##........#
#..#
#..###.....#.###.##........#
##.#
#.#...####.#.....##........# #..
#..........########........# ##.
############ #........# #.
#........# #. #........# ##


You could see 3 slaves, a friendly iron imp and a friendly white imp.

Vanquished Creatures
  An orc priest (D:3)
  A hound (D:2)
  Ijyb (D:2)
  An adder (D:2)
  An orc (D:3)
  3 giant cockroaches (D:3)
  5 goblins
  A jackal (D:3)
  A quokka (D:2)
  A ball python (D:3)
  2 bats
  A giant newt (D:2)
  A kobold (D:1)
  3 rats
23 creatures vanquished.

Vanquished Creatures (collateral kills)
  2 orc wizards (D:3)
  Crazy Yiuf (D:2)
  Jessica (D:2)
  4 gnolls
  8 adders
  4 worms (D:2)
  2 dart slugs
  3 giant geckos
  2 orcs (D:3)
  A ball python (D:3)
  A giant cockroach (D:3)
  9 goblins
  7 hobgoblins
  2 jackals (D:3)
  10 kobolds
  6 bats
  3 giant newts
  3 rats
69 creatures vanquished.

Grand Total: 92 creatures vanquished

Notes
Turn   | Place    | Note
--------------------------------------------------------------
     0 | D:1      | Shtopit the Tengu Summoner began the quest for the Orb.
     0 | D:1      | Reached XP level 1. HP: 10/10 MP: 4/4
   257 | D:1      | Reached skill level 5 in Summonings
   422 | D:1      | Reached XP level 2. HP: 15/15 MP: 3/6
  1189 | D:2      | Reached XP level 3. HP: 15/19 MP: 4/7
  1243 | D:2      | Learned a level 2 spell: Call Imp
  1247 | D:2      | Learned a level 3 spell: Summon Guardian Golem
  1892 | D:2      | Found a burning altar of Makhleb.
  1907 | D:2      | Reached XP level 4. HP: 16/24 MP: 3/9
  2141 | D:2      | Noticed Jessica
  2141 | D:2      | Noticed Ijyb
  2195 | D:2      | Killed Ijyb
  2195 | D:2      | Reached skill level 6 in Summonings
  2196 | D:2      | Killed Jessica
  2647 | D:2      | Gained mutation: You can fly. [Tengu growth]
  2647 | D:2      | Reached XP level 5. HP: 28/28 MP: 4/10
  3136 | D:2      | Noticed Crazy Yiuf
  3164 | D:2      | Killed Crazy Yiuf
  3630 | D:2      | Learned a level 3 spell: Call Canine Familiar
  3744 | D:3      | Found a sacrificial altar of Ru.
  4141 | D:3      | Reached skill level 1 in Fighting
  4141 | D:3      | Reached XP level 6. HP: 9/34 MP: 0/12
  4540 | D:3      | Reached skill level 1 in Polearms
  4969 | D:4      | Noticed a slave
  4969 | D:4      | Noticed a slave
  4969 | D:4      | Noticed a slave
  4969 | D:4      | Noticed a slave
  4971 | D:4      | Noticed Pikel
  4976 | D:3      | Slain by a slave

Skill      XL: |  1  2  3  4  5  6 |
---------------+-------------------+-----
Summonings     | 5 6 |  6.7
Spellcasting   | 3 |  3.8
Fighting       | 1 |  1.0
Polearms       | 1 |  1.0
Dodging        | |  2.4
Stealth        | |  2.7

Action                   |  1- 3 |  4- 6 || total
-------------------------+-------+-------++-------
Melee: Unarmed           |     3 |       ||     3
       Spear             |    26 |    61 ||    87
       Kick              |     2 |    18 ||    20
       Peck              |     1 |     5 ||     6
 Cast: Summon Small Mamm |    56 |    17 ||    73
       Call Imp          |    10 |    40 ||    50
       Summon Guardian G |       |     2 ||     2
       Call Canine Famil |       |     3 ||     3
 Abil: Fly               |       |     1 ||     1
  Use: Scroll            |       |     2 ||     2
 Stab: Sleeping          |     3 |     2 ||     5
       Paralysed         |       |     2 ||     2
       Distracted        |       |     1 ||     1
  Eat: Chunk             |     4 |    12 ||    16
Armor: Robe              |     7 |    15 ||    22
Dodge: Dodged            |    31 |    52 ||    83
